 Dungeon Crawl Stone Soup version 0.24-a0-769-g368c1644f8 (webtiles) character file.

Game seed: 17328057115245305338, levelgen mode: deterministic

30240 MalarOregon the Blocker (level 13, -3/114 HPs)
             Began as a White Draconian Fighter on Oct 4, 2019.
             Was a Believer of Qazlal.
             Slain by endorz's ghost (5 damage)
             ... on level 4 of the Lair of Beasts.
             The game lasted 00:34:21 (19388 turns).

MalarOregon the Blocker (White Draconian Fighter)  Turns: 19388, Time: 00:34:22

Health: -3/114     AC: 11    Str: 24    XL:     13   Next: 19%
Magic:  2/17       EV: 16    Int: 14    God:    Qazlal [**....]
Gold:   312        SH: 19    Dex: 11    Spells: 12/12 levels left

rFire    . . .     SeeInvis .   a - +6 long sword
rCold    + + .     Gourm    .   b - +2 shield
rNeg     . . .     Faith    .   (armour unavailable)
rPois    .         Spirit   .   (helmet restricted)
rElec    .         Reflect  .   (no cloak)
rCorr    .         Harm     .   (no gloves)
MR       .....                  A - +2 pair of boots
Stlth    +.........             p - amulet of regeneration (curse)
HPRegen  0.69/turn              t - +6 ring of strength
MPRegen  0.15/turn              o - ring of protection from cold

@: lethally poisoned (-3 -> -3)
A: breathe frost, unfitting armour, cold resistance 1, cold-blooded, AC +8
a: Breathe Frost, Upheaval, Renounce Religion


You were on level 4 of the Lair of Beasts.
You worshipped Qazlal.
Qazlal was pleased with you.
You were not hungry.

You visited 4 branches of the dungeon, and saw 17 of its levels.
You also visited: Ossuary.

You collected 1296 gold pieces.
You spent 984 gold pieces at shops.

Inventory:

Hand Weapons
 a - a +6 long sword (weapon)
 N - the +9 hunting sling of Foul Odors {freeze, Str+2, unknown}
   (You found it on level 4 of the Lair of Beasts)

   It causes projectiles fired from it to freeze those they strike, causing
   extra injury to most foes and up to half again as much damage against
   particularly susceptible opponents.
   They can also slow down cold-blooded creatures.
   It affects your strength (+2).
Missiles
 F - 3 throwing nets (quivered) {!f}
Armour
 b - a +2 shield (worn)
 A - a +2 pair of boots (worn)
   (You found it on level 8 of the Dungeon)
Jewellery
 k - an uncursed ring of fire
   (You found it on level 3 of the Dungeon)
 o - a ring of protection from cold (right hand)
   (You found it on level 2 of the Lair of Beasts)
 p - a cursed amulet of regeneration (around neck)
   (You found it on level 8 of the Dungeon)
 t - a +6 ring of strength (left hand)
   (You found it on level 4 of the Dungeon)
 H - an uncursed ring of protection from magic {unknown}
   (You found it on level 3 of the Lair of Beasts)
 M - an uncursed amulet of harm {unknown}
   (You found it on level 4 of the Lair of Beasts)
Wands
 c - a wand of disintegration (15)
   (You found it on level 3 of the Lair of Beasts)
 u - a wand of paralysis (5)
   (You found it on level 2 of the Lair of Beasts)
 x - a wand of acid (2)
   (You found it on level 2 of the Lair of Beasts)
Scrolls
 g - 6 scrolls of remove curse {@r2}
 j - 6 scrolls of fog
 m - 2 scrolls of enchant armour
 n - 3 scrolls of magic mapping
 r - 4 scrolls of fear
 w - 2 scrolls of noise {!r}
 y - 5 scrolls of amnesia
 B - a scroll of summoning
 D - a scroll of enchant weapon
 E - 4 scrolls of teleportation {@r4}
 I - a scroll of silence {unknown}
 J - 3 scrolls of immolation {!r}
 K - a scroll of identify {@r1}
Potions
 d - 2 potions of berserk rage
 f - 4 potions of lignification {!q}
 h - 7 potions of curing {@q1}
 i - 3 potions of agility
 l - 2 potions of ambrosia
 q - 5 potions of mutation {!q}
 s - 2 potions of might
 v - 2 potions of brilliance
 z - 5 potions of flight
 C - a potion of magic
 G - 2 potions of invisibility
Miscellaneous
 L - a phantom mirror
Comestibles
 e - 26 rations {!d}


   Skills:
 + Level 10.5 Fighting
 * Level 12.6 Long Blades
 + Level 8.8 Dodging
 * Level 12.8 Shields
 + Level 5.9 Invocations


You had 12 spell levels left.
You didn't know any spells.
Your spell library contained the following spells:

 Spells                   Type           Power        Failure   Level  Hunger
 Corona                   Hex            #......      36%         1    ##.....
 Ensorcelled Hibernation  Hex/Ice        #.....       50%         2    ###....
 Confuse                  Hex            #.......     75%         3    ####...
 Dazzling Spray           Conj/Hex       #.....       75%         3    ####...
 Tukima's Dance           Hex            #.......     75%         3    ####...


Dungeon Overview and Level Annotations

Branches:
Dungeon (11/15)            Temple (1/1) D:6            Lair (4/6) D:11
 Shoals (0/4) Lair:2       Spider (0/4) Lair:2          Orc (1/2) D:10
Ossuary (visited)

Altars:
Ashenzari
Cheibriados
Dithmenos
Elyvilon
Fedhas
Gozag
Hepliaklqana
Kikubaaqudgha
Makhleb
Nemelex Xobeh
Okawaru
Qazlal
Ru
Sif Muna
Trog
Uskayaw
Vehumet
Wu Jian
Xom
Yredelemnul
Zin
The Shining One
Beogh

Shops:
Orc:1 !

Annotations:
Lair:1 1 runed translucent door, Xuokyil's ghost, journeyman GnBe
Lair:4 endorz's ghost, journeyman MiBe


Innate Abilities, Weirdness & Mutations

You can breathe waves of freezing cold.
You can buffet flying creatures when you breathe cold.
Your icy white scales are hard. (AC +8)
You cannot fit into any form of body armour.
Your flesh is cold resistant. (rC+)
You are cold-blooded and may be slowed by cold attacks.


Message History

You hit endorz's ghost but do no damage.
You feel sick. Endorz's ghost hits you.
Your earth elemental hits the +4 scythe of chaos!!
Your earth elemental barely misses endorz's ghost.
You closely miss endorz's ghost.
Your tail-slap misses endorz's ghost.
You feel sick.
The +4 scythe of chaos hits your earth elemental!
Endorz's ghost hits you!!
* * * LOW HITPOINT WARNING * * *
* * * LOW HITPOINT WARNING * * *
Here: endorz's ghost, wielding a vorpal weapon (freezing vapour, lightly damaged)
The floor.
Unknown command.
You hit endorz's ghost but do no damage.
Your earth elemental completely misses endorz's ghost.
Your earth elemental hits the +4 scythe of chaos.
Your earth elemental hits endorz's ghost!!
Endorz's ghost barely misses you.
You hit endorz's ghost.
You feel sick.
Your earth elemental disappears in a puff of smoke! x2
The +4 scythe of chaos hits your earth elemental from afar.
Your earth elemental seems to slow down.
Aim: a +4 scythe of chaos (severely damaged)
The bolt of acid hits the +4 scythe of chaos!
The +4 scythe of chaos is splashed with acid!
The +4 scythe of chaos falls from the air.
Qazlal accepts your kill.
You feel sick.
Endorz's ghost hits you but does no damage.
Your earth elemental closely misses endorz's ghost.
Aim: endorz's ghost, wielding a vorpal weapon (moderately damaged)
The bolt of acid misses endorz's ghost.
Your earth elemental disappears in a puff of smoke!
Endorz's ghost hits you but does no damage.
Aim: endorz's ghost, wielding a vorpal weapon (moderately damaged)
The bolt of acid hits endorz's ghost but does no damage.
You feel sick. You block endorz's ghost's attack.
Aim: endorz's ghost, wielding a vorpal weapon (thunder, moderately damaged)
Okay, then.
Clouds arounds you coalesce and take form!
You can no longer give life to nearby clouds.
Endorz's ghost hits you!
* * * LOW HITPOINT WARNING * * *
* * * LOW HITPOINT WARNING * * *
Endorz's ghost is nearby!
Aim: endorz's ghost, wielding a vorpal weapon (moderately damaged)
The bolt of acid hits endorz's ghost!
Endorz's ghost is splashed with acid.
The acid corrodes endorz's ghost!
You feel sick. Endorz's ghost hits you!!
* * * LOW HITPOINT WARNING * * *
You die...

.........# ##.............).# #.
........## #...............####.
..#..#### ##..............###...
#P#..# #...............##....
####.## #........>.....####...
##.##.#######............## #....
#......P##.##P....).....P# #P...
..........####.○.E......## #....
..........#####.@W....P## ##...
.............#...#.##### #...
..................### #...
..................(P## ##..
.....................# #####.#.
............#.#..#...#####.#.#...
.............########..8...#.....
.............## ##.....#......
..............## #.8.>.8#......


You could see endorz's ghost and a friendly air elemental.

Vanquished Creatures
  The ghost of 2BsUSBport the Severer, a journeyman MiBe of Trog (D:11)
  The ghost of SirMumm the Destroyer, a journeyman GrWz of Okawaru (Lair:2)
  A hydra (Lair:4)
  6 death yaks
  Urug (Lair:3)
  A dancing weapon (Lair:4)
  2 ugly things (D:10)
  2 manticores (D:11)
  2 centaur skeletons (D:11)
  7 spiny frogs
  2 rime drakes
  14 komodo dragons
  2 trolls (D:11)
  A hornet (D:11)
  7 hippogriffs
  10 dream sheep
  Sigmund (D:3)
  14 yaks
  A wyvern (D:10)
  A vampire (D:10)
  A shadow (D:10)
  A warg (D:10)
  Menkaure (Ossuary)
  10 water moccasins
  7 porcupines
  4 ice beasts
  2 phantoms
  3 sky beasts
  2 necrophages
  9 orc warriors
  An eye of draining (D:10)
  6 centaurs
  5 ogres
  5 wolves (Lair:4)
  3 crocodiles
  2 big kobolds
  2 elf zombies (Ossuary)
  Blork the orc (D:4)
  A wyvern zombie (D:7)
  11 bullfrogs
  7 scorpions
  4 wights (D:7)
  A howler monkey (D:6)
  2 crimson imps
  A bullfrog zombie (D:5)
  3 centaur zombies (Ossuary)
  The ghost of Arixos the Grasshopper, a weakling FeWr (D:3)
  4 hounds
  5 jellies
  10 orc priests
  2 bullfrog skeletons
  An iguana (D:11)
  21 orc wizards
  5 worker ants
  2 ogre zombies (Ossuary)
  A hound skeleton (D:10)
  6 mummies (Ossuary)
  A worker ant zombie (D:7)
  12 adders
  11 gnolls
  2 howler monkey skeletons
  A hound simulacrum (D:3)
  2 shadow imps
  An ooze (D:1)
  4 adder zombies (Ossuary)
  An adder skeleton (D:7)
  7 worms
  2 dart slugs
  2 adder simulacra (D:3)
  3 leopard geckos
  58 orcs
  6 giant cockroaches
  A gnoll zombie (Ossuary)
  9 goblins
  10 hobgoblins
  11 jackals
  5 quokkas
  2 ball pythons
  3 bats
  9 frilled lizards
  A giant cockroach simulacrum (D:3)
  5 goblin zombies (Ossuary)
  3 hobgoblin zombies (Ossuary)
  14 kobolds
  3 kobold zombies (Ossuary)
  2 leopard gecko simulacra (D:3)
  3 quokka zombies
  14 rats
  4 rat zombies (Ossuary)
442 creatures vanquished.

Vanquished Creatures (collateral kills)
  3 yaks (Lair:3)
3 creatures vanquished.

Vanquished Creatures (others)
  An orc wizard (D:11)
  9 fungi
  4 plants
14 creatures vanquished.

Grand Total: 459 creatures vanquished

Notes
Turn   | Place    | Note
-------+----------+-------------------------------------------
     0 | D:1      | MalarOregon the Draconian Fighter began the quest for the
                  | Orb.
     0 | D:1      | Reached XP level 1. HP: 19/19 MP: 1/1
   126 | D:1      | Reached XP level 2. HP: 21/26 MP: 2/2
   900 | D:1      | Reached XP level 3. HP: 31/31 MP: 3/3
  2126 | D:2      | Reached XP level 4. HP: 36/40 MP: 4/4
  2503 | D:3      | Found a runed translucent gate.
  2504 | D:3      | Found a runed translucent gate.
  2561 | D:3      | Noticed Sigmund
  2579 | D:3      | Killed Sigmund
  2579 | D:3      | Reached XP level 5. HP: 18/46 MP: 5/5
  2593 | D:3      | Reached XP level 6. HP: 8/52 MP: 6/6
  2902 | D:3      | Noticed Arixos's ghost (weakling FeWr)
  3025 | D:3      | Found a runed translucent gate.
  3549 | D:4      | Found a sparkling altar of Nemelex Xobeh.
  3934 | D:4      | Reached skill level 5 in Shields
  4322 | D:4      | Your scales start taking on an icy white colour.
  4322 | D:4      | Reached XP level 7. HP: 22/60 MP: 7/7
  4322 | D:4      | Gained mutation: Your flesh is cold resistant. (rC+) [White
                  | Draconian growth]
  4614 | D:3      | Killed Arixos's ghost
  4962 | D:4      | Reached skill level 5 in Long Blades
  5276 | D:4      | Found a burning altar of Makhleb.
  5279 | D:4      | Noticed Blork the orc
  5293 | D:4      | Killed Blork the orc
  5293 | D:4      | Reached skill level 5 in Fighting
  5575 | D:5      | Entered Level 5 of the Dungeon
  5833 | D:5      | Found a sand-covered staircase.
  5851 | Ossuary  | Entered an ossuary
  5952 | Ossuary  | Noticed Menkaure
  5964 | Ossuary  | Killed Menkaure
  5964 | Ossuary  | Reached XP level 8. HP: 20/68 MP: 8/8
  7381 | D:5      | Reached skill level 5 in Dodging
  7608 | D:5      | Found a radiant altar of Vehumet.
  7910 | D:6      | Reached XP level 9. HP: 69/75 MP: 9/9
  8173 | D:6      | Found a staircase to the Ecumenical Temple.
  8182 | Temple   | Entered the Ecumenical Temple
  8197 | Temple   | HP: 2/78 [sky beast (6)]
  8582 | Temple   | Became a worshipper of Qazlal Stormbringer
  9473 | D:7      | Reached * piety under Qazlal
  9683 | D:7      | Found Eputox's Magic Scroll Boutique.
  9691 | D:7      | Bought a scroll of fog for 30 gold pieces
  9691 | D:7      | Bought a scroll of noise for 15 gold pieces
  9691 | D:7      | Bought a scroll of amnesia for 52 gold pieces
  9691 | D:7      | Bought a scroll of fear for 52 gold pieces
  9691 | D:7      | Bought a scroll of magic mapping for 52 gold pieces
  9691 | D:7      | Bought a scroll of remove curse for 45 gold pieces
  9691 | D:7      | Bought a scroll of amnesia for 52 gold pieces
  9691 | D:7      | Bought a scroll of identify for 30 gold pieces
  9691 | D:7      | Bought a scroll of identify for 30 gold pieces
  9872 | D:7      | Bought a scroll of amnesia for 52 gold pieces
 10019 | D:8      | Found a hazy altar of Hepliaklqana.
 10022 | D:8      | Found a shattered altar of Ashenzari.
 10033 | D:8      | Found an ancient bone altar of Kikubaaqudgha.
 10325 | D:7      | Bought a scroll of fear for 52 gold pieces
 10616 | D:8      | Reached XP level 10. HP: 86/86 MP: 10/10
 10993 | D:9      | Reached ** piety under Qazlal
 11101 | D:9      | Found a burning altar of Makhleb.
 11589 | D:10     | Entered Level 10 of the Dungeon
 11860 | D:10     | Reached *** piety under Qazlal
 11929 | D:10     | Reached skill level 10 in Shields
 11930 | D:10     | Found a staircase to the Orcish Mines.
 11974 | D:10     | Got a pair of scorched gloves
 12223 | D:11     | Noticed a white ugly thing
 12231 | D:11     | Noticed a manticore
 12339 | D:10     | Killed a white ugly thing
 12339 | D:10     | Reached skill level 10 in Long Blades
 12434 | D:11     | Killed a manticore
 12434 | D:11     | Reached XP level 11. HP: 92/95 MP: 11/11
 12444 | D:11     | Noticed a cyan ugly thing
 12454 | D:10     | Killed a cyan ugly thing
 12455 | D:10     | HP: 2/95 [something (31)]
 12606 | Orc:1    | Entered Level 1 of the Orcish Mines
 12794 | Orc:1    | Found a roughly hewn altar of Beogh.
 12795 | Orc:1    | Found Kubeocruv's Distillery.
 12806 | Orc:1    | Bought a potion of might for 72 gold pieces
 12806 | Orc:1    | Bought a potion of brilliance for 72 gold pieces
 12806 | Orc:1    | Bought a potion of curing for 54 gold pieces
 12806 | Orc:1    | Bought a potion of curing for 54 gold pieces
 12820 | Orc:1    | Bought a potion of flight for 54 gold pieces
 13003 | Orc:1    | Bought a potion of mutation for 144 gold pieces
 13489 | D:11     | Reached skill level 1 in Invocations
 13493 | D:11     | Found a staircase to the Lair.
 13497 | D:11     | Reached **** piety under Qazlal
 13635 | D:11     | Paralysed by a hornet for 1 turns
 14005 | D:11     | Found a runed translucent door.
 14007 | D:11     | Noticed 2BsUSBport's ghost (journeyman MiBe)
 14311 | D:11     | Killed 2BsUSBport's ghost
 14717 | Orc:1    | Bought a potion of agility for 72 gold pieces
 14763 | Lair:1   | Entered Level 1 of the Lair of Beasts
 14914 | Lair:1   | Reached XP level 12. HP: 31/105 MP: 5/14
 15088 | Lair:1   | Noticed Xuokyil's ghost (journeyman GnBe)
 15089 | Lair:1   | Identified the cursed +1 spear "Bopudy" {holy, Str+5}
 15091 | Lair:1   | Found a runed translucent door.
 15758 | Lair:1   | Identified the +0 pair of gloves "Uffod" {rElec rF- Int+6}
                  | (You found it on level 10 of the Dungeon)
 16063 | Lair:2   | Found a staircase to the Shoals.
 16138 | Lair:2   | Noticed a death yak
 16138 | Lair:2   | Noticed a death yak
 16139 | Lair:2   | Noticed a death yak
 16139 | Lair:2   | Noticed a death yak
 16140 | Lair:2   | Noticed a death yak
 16142 | Lair:2   | Noticed a death yak
 16177 | Lair:1   | Killed a death yak
 16252 | Lair:1   | Killed a death yak
 16275 | Lair:1   | Killed a death yak
 16300 | Lair:1   | Killed a death yak
 16417 | Lair:2   | Found a runed translucent door.
 16420 | Lair:2   | Noticed SirMumm's ghost (journeyman GrWz)
 16439 | Lair:2   | Killed a death yak
 16451 | Lair:2   | Killed a death yak
 16451 | Lair:2   | Reached skill level 10 in Fighting
 16666 | Lair:2   | Found a hole to the Spider Nest.
 17054 | Lair:2   | Killed SirMumm's ghost
 17139 | Lair:3   | Reached skill level 5 in Invocations
 17287 | Lair:3   | Noticed Urug
 17301 | Lair:3   | Killed Urug
 18109 | Lair:4   | Reached XP level 13. HP: 110/114 MP: 17/17
 18158 | Lair:4   | HP: 5/114 [wolf (7)]
 18159 | Lair:4   | HP: 2/114 [wolf (3)]
 18851 | Lair:4   | Got an encrusted hunting sling
 19252 | Lair:4   | Found a runed translucent door.
 19254 | Lair:4   | Noticed endorz's ghost (journeyman MiBe)
 19349 | Lair:4   | Found a shimmering altar of Xom.
 19388 | Lair:4   | HP: 2/114 [endorz's ghost (19)]
 19388 | Lair:4   | Slain by endorz's ghost

Levels and vault maps discovered:
D:1:      dpeg_arrival_line_fractal, layout_basic, hangedman_glass_teeth
D:2:      layout_basic, first_ration
D:3:      minmay_evil_eye, layout_rooms, gammafunk_ghost_icy, uniq_sigmund
D:4:      layout_cave_pods, nemelex_xobeh_ov_fountains_minmay,
          kennysheep_mini_moat, minmay_crossroads, uniq_blork_the_orc
D:5:      layout_layer_cave, vehumet_crystals, nicolae_ossuary_entry_monument
D:6:      layout_basic, minmay_temple_entry_mini_moons, uniq_menkaure
D:7:      layout_loops_ring, serial_shops, shop_fountains
D:8:      layout_loops_ring, minmay_overflow_temple_star_quad
D:9:      layout_irregular_city, basic_altar
D:10:     layout_rooms, erik_orc_4
D:11:     layout_loops_ring, grunt_lair_entry_orc_guard_hut,
          ebering_ghost_reflecting_pool
Temple:   nicolae_temple_x_marks_the_god
Lair:1:   layout_chaotic_city, ebering_ghost_funeral_grove, beast_lair_carwin_7
Lair:2:   layout_regular_city, shoals_dummy_entry,
          nicolae_spider_entry_non_spiders, ebering_ghost_reflecting_pool,
          beast_lair_carwin_2
Lair:3:   layout_regular_city, grunt_megastairs_4, uniq_urug
Lair:4:   layout_cave_pods, ebering_ghost_xom, lemuel_fruit_tree,
          grunt_megastairs_3
Orc:1:    layout_caves, basic_altar, serial_shops, shop

Skill      XL: |  1  2  3  4  5  6  7  8  9 10 11 12 |
---------------+-------------------------------------+-----
Dodging        | 3 4 5 6 7 8 |  8.8
Long Blades    | 3 4 5 7 8 10 11 12 | 12.6
Fighting       | 4 5 6 7 8 9 10 | 10.5
Shields        | 4 5 6 7 8 10 11 12 | 12.8
Invocations    | 3 5 |  5.9

Action                   |  1- 3 |  4- 6 |  7- 9 | 10-12 | 13-15 || total
-------------------------+-------+-------+-------+-------+-------++-------
Melee: Long sword        |   142 |   154 |   588 |   768 |    84 ||  1736
       Tailslap          |    15 |    19 |   113 |   156 |    15 ||   318
Invok: Upheaval          |       |       |       |     3 |     4 ||     7
       Elemental Force   |       |       |       |     1 |     3 ||     4
 Abil: Breathe Frost     |       |       |     5 |     4 |       ||     9
Evoke: Wand              |       |       |       |    10 |     6 ||    16
  Use: Potion            |       |     1 |       |     5 |     2 ||     8
       Scroll            |       |    11 |    15 |     5 |     1 ||    32
 Stab: Sleeping          |       |       |     3 |       |       ||     3
  Eat: Chunk             |     4 |     7 |    19 |    22 |     2 ||    54
       Ration            |       |       |     1 |     1 |     1 ||     3
Armor: Skin              |    38 |    39 |   125 |    99 |    13 ||   314
Dodge: Dodged            |    45 |    52 |   222 |   214 |    66 ||   599
       Deflected         |       |       |       |     1 |       ||     1
Block: Shield            |    71 |    79 |   401 |   611 |   113 ||  1275
       Rpst.: Long sword |    17 |    16 |    63 |    55 |    16 ||   167

Table legend:
 A = Non-vault XP
 B = Vault XP
 C = Vault XP percentage of total XP
 D = Non-vault monster count
 E = Vault monster count
 F = Vault count percentage of total count
                 A         B        C        D         E       F
            +---------+---------+-------+---------+---------+-------
      Total |   30996 |   12204 |  28.2 |     348 |      98 |  22.0
            +---------+---------+-------+---------+---------+-------
        D:1 |      47 |       0 |   0.0 |      25 |       0 |   0.0
        D:2 |      66 |       0 |   0.0 |      27 |       0 |   0.0
        D:3 |     194 |     287 |  59.7 |      21 |      10 |  32.3
        D:4 |     404 |      94 |  18.9 |      21 |       1 |   4.5
        D:5 |     861 |       0 |   0.0 |      28 |       0 |   0.0
        D:6 |    1016 |       0 |   0.0 |      22 |       0 |   0.0
        D:7 |     929 |       0 |   0.0 |      26 |       0 |   0.0
        D:8 |     815 |       0 |   0.0 |      17 |       0 |   0.0
        D:9 |    1697 |       0 |   0.0 |      19 |       0 |   0.0
       D:10 |    3925 |     516 |  11.6 |      34 |      16 |  32.0
       D:11 |    4587 |    1695 |  27.0 |      43 |       6 |  12.2
     Temple |     129 |       0 |   0.0 |       1 |       0 |   0.0
     Lair:1 |    5130 |    3662 |  41.7 |      11 |      11 |  50.0
     Lair:2 |    2446 |    2484 |  50.4 |       5 |      13 |  72.2
     Lair:3 |    4383 |     774 |  15.0 |      21 |       2 |   8.7
     Lair:4 |    4080 |    1994 |  32.8 |      20 |       4 |  16.7
      Orc:1 |     287 |       0 |   0.0 |       7 |       0 |   0.0
    Ossuary |       0 |     698 | 100.0 |       0 |      35 | 100.0
            +---------+---------+-------+---------+---------+-------
